 Dungeon Crawl Stone Soup version 0.30-a0-913-g9934a0c (webtiles) character file.

Game seed: 16409967796347109848

7648 Dorkslayer the Covered (level 11, -9/68 HPs)
             Began as a Gargoyle Fighter on Mar 19, 2023.
             Was an Initiate of Gozag.
             Mangled by a two-headed ogre
             ... wielding a +0 giant club
              (23 damage)
             ... on level 10 of the Dungeon.
             The game lasted 00:22:33 (7546 turns).

Dorkslayer the Covered (Gargoyle Fighter)           Turns: 7546, Time: 00:22:34

Health: -9/68      AC: 22    Str: 22    XL:     11   Next: 18%
Magic:  20/20      EV:  7    Int:  9    God:    Gozag
Gold:   1165       SH: 10    Dex: 11    Spells: 10/10 levels left

rFire   + . .      SeeInvis .    z - +5 broad axe (vamp)
rCold   + . .      Faith    .    s - +0 kite shield
rNeg    + . .      Spirit   .    j - +0 plate armour
rPois   ∞          Reflect  .    v - +0 helmet
rElec   +          Rampage  .    d - scarf {rC+ rF+}
rCorr   +                        (no gloves)
Will    .....                    (no boots) Stlth
                                 r - amulet of regeneration
HPRegen 1.11/turn                f - ring of resist corrosion
MPRegen 0.17/turn                p - ring of magical power

@: gold aura, studying Translocations
A: sickness immunity, AC +8, negative energy resistance 1, electricity
resistance, torment resistance 1, petrification resistance
a: Renounce Religion, Potion Petition, Call Merchant, Bribe Branch


You were on level 10 of the Dungeon.
You worshipped Gozag.
Gozag was most pleased with you.
You visited 2 branches of the dungeon, and saw 11 of its levels.

You collected 1271 gold pieces.
You paid 106 gold pieces to Gozag.

Inventory:

Hand Weapons
 a - a +1 war axe of freezing
 i - a +2 war axe
 t - a +2 hand axe of flaming
 z - a +5 vampiric broad axe (weapon)
Missiles
 w - 5 javelins (quivered)
 D - a curare-tipped dart
Armour
 d - a scarf of resistance (worn)
 j - a +0 plate armour (worn)
 s - a +0 kite shield (worn)
 v - a +0 helmet (worn)
Jewellery
 f - a ring of resist corrosion (left hand)
 p - a ring of magical power (right hand)
 r - an amulet of regeneration (around neck)
Wands
 c - a wand of digging (2)
 x - a wand of flame (31)
Scrolls
 e - 2 scrolls of immolation
 h - 2 scrolls of poison
 k - 2 scrolls of magic mapping
 l - 4 scrolls of teleportation
 u - a scroll of fog {unknown}
 y - 3 scrolls of enchant armour
 A - a scroll of blinking
Potions
 g - 5 potions of ambrosia
 m - 2 potions of lignification
 n - 2 potions of curing
 o - 3 potions of mutation
 q - a potion of flight
 B - 2 potions of berserk rage
 C - a potion of resistance
Miscellaneous
 E - a tin of tremorstones (1/2)
 F - a phial of floods


   Skills:
 + Level 7.8 Fighting
 + Level 6.1 Axes
 + Level 2.0 Throwing
 + Level 7.8 Armour
 * Level 7.8 Dodging
 + Level 7.8 Shields
 * Level 4.6 Evocations


You had 10 spell levels left.
You didn't know any spells.
Your spell library contained the following spells:

 Spells                   Type           Power      Damage    Failure   Level
 Slow                     Hex            0%         N/A       100%        1
 Confusing Touch          Hex            0%         N/A       100%        3
 Hailstorm                Conj/Ice       0%         3d3       100%        3
 Inner Flame              Hex/Fire       0%         N/A       100%        3
 Vampiric Draining        Necr           0%         2d6       100%        3
 Flame Wave               Conj/Fire      0%         2d4       100%        4
 Ice Form                 Ice/Tmut       0%         N/A       100%        4
 Sticky Flame             Conj/Fire      0%         2d3       100%        4
 Simulacrum               Ice/Necr       Unusable   N/A       N/A         6

Dungeon Overview and Level Annotations

Branches:
Dungeon (10/15)            Temple (1/1) D:6            Lair (0/5) D:9
    Orc: D:9-12

Altars:
Ashenzari
Dithmenos
Elyvilon
Fedhas
Gozag
Hepliaklqana
Kikubaaqudgha
Makhleb
Nemelex Xobeh
Okawaru
Trog
Uskayaw
Wu Jian
Yredelemnul
Zin

Shops:
D:5 :


Innate Abilities, Weirdness & Mutations

You are immune to sickness and miasma.
Your stone body is resilient. (AC +8)
You are immune to poison.
You resist negative energy. (rN+)
You are resistant to electric shocks. (rElec)
You are resistant to unholy torment.
You are immune to petrification.


Message History

The moth of wrath attacks as you move away!
You block the moth of wrath's attack.
The moth of wrath goads the two-headed ogre on!
The two-headed ogre goes berserk!
You block the two-headed ogre's attack.
The two-headed ogre hits you but does no damage.
You see here 15 gold pieces.
The two-headed ogre attacks as you move away!
The two-headed ogre hits you with a +0 giant club!!
The two-headed ogre hits you with a +0 giant spiked club!
The moth of wrath goads the two-headed ogre on!
The two-headed ogre goes berserk!
The two-headed ogre rages.
You hear a bellow!
The two-headed ogre is distracted by your dazzling golden aura.
You hear a bellow!
The moth of wrath goads something on!
The two-headed ogre attacks as you move away!
The two-headed ogre hits you with a +0 giant club!
* * * LOW HITPOINT WARNING * * *
The two-headed ogre hits you but does no damage.
You feel much better.
The two-headed ogre hits you with a +0 giant club!!
* * * LOW HITPOINT WARNING * * *
The two-headed ogre hits you but does no damage.
You feel much better.
The two-headed ogre hits you with a +0 giant club!!
* * * LOW HITPOINT WARNING * * *
The two-headed ogre hits you but does no damage.
The tremorstone explodes into fragments!
The burst of rock shards engulfs the moth of wrath!!
The burst of rock shards engulfs the troll!
You feel a bit more experienced.
The burst of rock shards engulfs the two-headed ogre!!
The burst of rock shards engulfs the moth of wrath!!
You kill the moth of wrath!
The burst of rock shards engulfs the troll!!
The burst of rock shards engulfs the two-headed ogre!!
The two-headed ogre hits you with a +0 giant club!!
You die...
Your body crumbles into a pile of gold.

#.# .. #..# .. #.# . ###..#
.) #.# . #. #...## . #.#
#..##C##..# #. .# #.#
#....$.$.###.# #.# ##.##
#....$O$# #.## ##..## ....##
#######T# #.###.##.###.
###..# #O# #...........#
.[##.# #@# #.#.###<##.##
..##.# ####.####.#.[......#
##'..# #.............#.####
..##.# #.##.##.........#
..##.##### #.##.##.........#
..#......# #.##...........##
..'.####.####.#####..#.....#
# ..###
#.#.....#####..#..#..# # ..#
##.####..............# #


You could see 2 two-headed ogres and a troll (berserk).

Vanquished Creatures
  A catoblepas (D:8)
  A two-headed ogre (D:10)
  A moth of wrath (shapeshifter) (D:10)
  2 komodo dragons
  2 trolls
  Sigmund (D:3)
  2 wraiths
  2 wyverns
  6 yaks (D:9)
  2 steam dragons
  Menkaure (D:5)
  2 water moccasins
  5 ice beasts
  A sky beast (D:7)
  2 orc warriors
  A black bear (D:4)
  An ogre (D:4)
  3 centaurs
  A phantom (D:4)
  2 kobold brigands
  2 bullfrogs (D:7)
  A gnoll sergeant (D:8)
  2 scorpions
  7 wights
  17 killer bees
  A hound (D:6)
  An orc priest (D:6)
  A jelly (D:6)
  A sleepcap (D:5)
  Jessica (D:2)
  4 iguanas
  5 orc wizards
  A hound zombie (D:3)
  6 gnolls
  7 adders
  A shadow imp (D:7)
  A white imp (D:7)
  2 adder zombies (D:3)
  3 adder skeletons (D:3)
  2 worms
  3 dart slugs
  21 orcs
  5 ball pythons
  7 bats
  10 endoplasms
  5 giant cockroaches
  6 goblins
  8 hobgoblins
  4 jackals (D:1)
  17 kobolds
  5 quokkas
  2 ball python zombies (D:3)
  A frilled lizard (D:3)
  A jackal zombie (D:3)
  14 rats
214 creatures vanquished.

Vanquished Creatures (others)
  7 fungi (D:9)
  28 plants
  2 withered plants (D:3)
37 creatures vanquished.

Grand Total: 251 creatures vanquished

Notes
Turn   | Place    | Note
-------+----------+-------------------------------------------
     0 | D:1      | Dorkslayer the Gargoyle Fighter began the quest for the
                  | Orb.
     0 | D:1      | Reached XP level 1. HP: 14/14 MP: 1/1
    82 | D:1      | Reached XP level 2. HP: 19/19 MP: 2/2
   231 | D:1      | Reached skill level 1 in Dodging
   237 | D:1      | Reached XP level 3. HP: 20/23 MP: 3/3
   600 | D:2      | Reached XP level 4. HP: 28/28 MP: 4/4
  1073 | D:2      | Noticed Jessica
  1079 | D:2      | Killed Jessica
  1715 | D:3      | Reached XP level 5. HP: 32/33 MP: 5/5
  2066 | D:3      | Noticed Sigmund
  2076 | D:3      | Killed Sigmund
  2077 | D:3      | Reached XP level 6. HP: 32/38 MP: 6/6
  2518 | D:4      | Reached XP level 7. HP: 36/44 MP: 7/7
  3153 | D:5      | Entered Level 5 of the Dungeon
  3299 | D:5      | Noticed Menkaure
  3305 | D:5      | Killed Menkaure
  3306 | D:5      | Reached skill level 5 in Armour
  3387 | D:5      | Reached XP level 8. HP: 48/48 MP: 8/8
  3414 | D:5      | Reached skill level 5 in Fighting
  3414 | D:5      | Reached skill level 5 in Shields
  3424 | D:5      | Found Zyitedd's Tremendous Tomes.
  3655 | D:6      | Found an ornate altar of the Wu Jian Council.
  3743 | D:6      | Noticed a komodo dragon
  3761 | D:6      | Killed a komodo dragon
  3762 | D:6      | Reached skill level 5 in Dodging
  3793 | D:6      | Found a shadowy altar of Dithmenos.
  3900 | D:6      | Found a glowing silver altar of Zin.
  3900 | D:6      | Noticed a wraith
  3911 | D:6      | Killed a wraith
  3912 | D:6      | Reached XP level 9. HP: 51/55 MP: 9/9
  4159 | D:6      | Found a staircase to the Ecumenical Temple.
  4179 | Temple   | Entered the Ecumenical Temple
  4205 | Temple   | Became a worshipper of Gozag Ym Sagoz the Greedy
  4669 | D:7      | You fall into a shaft and drop 3 floors!
  4669 | D:10     | Entered Level 10 of the Dungeon
  4825 | D:7      | Found a hazy altar of Hepliaklqana.
  5019 | D:7      | Reached skill level 5 in Axes
  5045 | D:7      | Found a blossoming altar of Fedhas.
  5375 | D:8      | Noticed a troll
  5393 | D:8      | Reached skill level 1 in Evocations
  5511 | D:8      | Noticed a komodo dragon
  5527 | D:8      | Killed a troll
  5528 | D:8      | Reached XP level 10. HP: 26/61 MP: 10/10
  5621 | D:8      | Noticed a catoblepas
  5642 | D:8      | HP: 1/61 [catoblepas (11)]
  5667 | D:8      | Killed a catoblepas
  6075 | D:8      | Identified a scroll of acquirement
  6076 | D:8      | Acquired a +4 vampiric broad axe
  6603 | D:9      | Reached skill level 1 in Throwing
  6812 | D:9      | Found a staircase to the Lair.
  7249 | D:10     | Noticed a two-headed ogre
  7260 | D:10     | Killed a two-headed ogre
  7261 | D:10     | Reached XP level 11. HP: 68/68 MP: 11/11
  7331 | D:10     | Found a bloodstained altar of Trog.
  7528 | D:10     | Noticed a two-headed ogre
  7531 | D:10     | Noticed a cyclops
  7534 | D:10     | Noticed a two-headed ogre
  7536 | D:10     | a yaktaur changed into a moth of wrath
  7536 | D:10     | Noticed a moth of wrath (shapeshifter)
  7546 | D:10     | Killed a moth of wrath
  7546 | D:10     | Mangled by a two-headed ogre

Illustrated notes

Levels and vault maps discovered:
D:1:      noname_arrival_rooms_in_the_neighbourhood, layout_rooms,
          serial_bayou_lagoon_a, serial_park_tiny_pond
D:2:      layout_basic, minmay_misc_feat_iff, uniq_jessica
D:3:      layout_loops_ring, serial_undead, serial_undead_c, serial_undead_a,
          serial_undead_a, serial_undead_e, serial_undead_f, serial_undead_e,
          minmay_misc_feat_room, minmay_misc_feat_pillars, uniq_sigmund
D:4:      layout_basic
D:5:      layout_rooms, nicolae_shop_i_like_big_books, uniq_menkaure
D:6:      layout_basic, old_standard_altar, minmay_temple_entry_junction_2,
          hangedman_feature_mirror, ebering_dispersal_statue_hall,
          eino_tiny_chamber
D:7:      layout_gridville, mainiacjoe_overflow_large_starburst
D:8:      layout_basic, hangedman_decor_opposing,
          chequers_serial_rivers_small_b, minmay_diamond_spiral
D:9:      layout_loops_ring, dpeg_oklobed_lair
D:10:     layout_loops_cross, mainiacjoe_overflow_24_doors, minmay_ruined_shrine
Temple:   hc_temple_tempest_star

Skill      XL: |  1  2  3  4  5  6  7  8  9 10 11 |
---------------+----------------------------------+-----
Dodging        | 1 2 3 4 5 6 7 |  7.8
Axes           | 2 3 4 5 6 |  6.1
Armour         | 4 5 6 7 |  7.8
Fighting       | 4 5 6 7 |  7.8
Shields        | 4 5 6 7 |  7.8
Evocations     | 1 4 |  4.6
Throwing       | 1 2 |  2.0

Action                     |  1- 3 |  4- 6 |  7- 9 | 10-12 || total
---------------------------+-------+-------+-------+-------++-------
  Melee: War axe           |    76 |   149 |   276 |    82 ||   583
         Broad axe         |       |       |       |   111 ||   111
  Throw: Javelin           |       |       |    11 |     8 ||    19
         Dart              |       |       |       |     1 ||     1
  Evoke: Wand              |       |       |     1 |     2 ||     3
         Tin of tremorston |       |       |       |     1 ||     1
    Use: Scroll            |     9 |     5 |     5 |     5 ||    24
         Potion            |       |     1 |     2 |     6 ||     9
   Stab: Distracted        |       |       |     1 |       ||     1
         Petrified         |       |       |       |     3 ||     3
         Petrifying        |       |       |       |     1 ||     1
 Armour: Scale mail        |    64 |     5 |       |       ||    69
         Plate armour      |       |   137 |   216 |   140 ||   493
  Dodge: Dodged            |    42 |    53 |    93 |    60 ||   248
  Block: Buckler           |    19 |    24 |     6 |       ||    49
         Kite shield       |       |       |   151 |   128 ||   279

Table legend: (Time is in decaauts)
 A = Elapsed time spent in this place.
 B = Non-inter-level travel time spent in this place.
 C = Inter-level travel time spent in this place.
 D = Time resting spent in this place.
 E = Time spent auto-exploring this place.
 F = Levels seen in this place.
 G = Mean time per level.
                   A        B        C        D        E       F      G
               +--------+--------+--------+--------+--------+-----+--------+
         Total |   7878 |   7878 |      0 |    111 |   3999 |  11 |  716.2 |
       Dungeon |   7822 |   7822 |      0 |    111 |   3995 |  10 |  782.2 |
        Temple |     55 |     55 |      0 |      0 |      4 |   1 |   55.0 |
               +--------+--------+--------+--------+--------+-----+--------+

Top non-repeatable levels by time:
     D:2: 1141 daAuts
     D:8: 1096 daAuts
     D:6: 999 daAuts
     D:9: 898 daAuts
     D:3: 809 daAuts
     D:4: 727 daAuts
     D:1: 593 daAuts
     D:7: 547 daAuts
     D:5: 520 daAuts
    D:10: 489 daAuts
  Temple: 55 daAuts
